 Dungeon Crawl Stone Soup version 0.30-a0-956-gcec3b41aec (webtiles) character file.

Game seed: 14136604600696103761

13728 CowFu the Basher (level 12, -4/94 HPs)
             Began as a Gnoll Wanderer on Mar 30, 2023.
             Was a High Priest of Lugonu.
             Killed from afar by a hell hound (18 damage)
             ... with a blast of flame
             ... led by Azrael
             ... on level 11 of the Dungeon.
             The game lasted 00:22:15 (11184 turns).

CowFu the Basher (Gnoll Wanderer)                  Turns: 11184, Time: 00:22:16

Health: -4/94      AC: 14    Str: 16    XL:     12   Next: 9%
Magic:  23/23      EV: 27    Int: 18    God:    Lugonu [*****.]
Gold:   193        SH: 10    Dex: 12    Spells: 24/26 levels left

rFire   . . .      SeeInvis .    a - +4 mace (drain)
rCold   . . .      Faith    .    c - +0 kite shield
rNeg    . . .      Spirit   .    E - +0 troll leather armour
rPois   .          Reflect  .    r - +0 helmet
rElec   .          Rampage  .    k - +2 cloak {rCorr}
rCorr   +                        o - +2 pair of gloves {hurl}
Will    .....                    q - +0 pair of boots
Stlth   +++                      B - amulet of the acrobat
HPRegen 1.15/turn                z - ring of resist corrosion
MPRegen 0.18/turn                C - +6 ring of intelligence

@: acrobatic
A: fangs 1, strong nose, distributed training
a: Renounce Religion, Depart the Abyss, Banish, Corrupt, Enter the Abyss


You were on level 11 of the Dungeon.
You worshipped Lugonu.
Lugonu was extremely pleased with you.
You visited 1 branch of the dungeon, and saw 12 of its levels.

You collected 600 gold pieces.
You spent 407 gold pieces at shops.

Inventory:

Hand Weapons
 a - a +4 mace of draining (weapon)
Missiles
 p - a boomerang
 u - 2 javelins (quivered)
Armour
 c - a +0 kite shield (worn)
 i - the +1 robe of the Yeti {rPois rC+ Dex+2}
   (You found it on level 11 of the Dungeon)

   Dex:       It affects your dexterity (+2).
   rC:        It protects you from cold.
   rPois:     It protects you from poison.
 k - a +2 cloak of preservation (worn)
 o - a +2 pair of gloves of hurling (worn)
 q - a +0 pair of boots (worn)
 r - a +0 helmet (worn)
 s - a +2 ring mail of poison resistance
 E - a +0 troll leather armour (worn)
Jewellery
 z - a ring of resist corrosion (left hand)
 B - an amulet of the acrobat (around neck)
 C - a +6 ring of intelligence (right hand)
 G - a ring of magical power
 H - the amulet of Elemental Vulnerability {rPois rF-- rC-- AC+8}
   (You found it on level 6 of the Dungeon)

   [amulet of nothing]

   AC:        It affects your AC (+8).
   rF:        It makes you very vulnerable to fire.
   rC:        It makes you very vulnerable to cold.
   rPois:     It protects you from poison.
 I - a +6 ring of intelligence
Wands
 y - a wand of roots (1)
 F - a wand of flame (7)
Scrolls
 b - 4 scrolls of vulnerability
 d - 8 scrolls of identify
 e - a scroll of magic mapping
 f - 7 scrolls of teleportation
 g - 7 scrolls of blinking
 l - a scroll of fog
 m - a scroll of enchant weapon
 w - a scroll of amnesia
 D - 2 scrolls of fear
Potions
 h - 5 potions of mutation
 j - 3 potions of resistance
 n - 4 potions of flight
 t - 2 potions of might
 v - a potion of attraction
 x - 2 potions of curing
 A - a potion of haste
 J - 2 potions of ambrosia
Miscellaneous
 K - a condenser vane (inert)


   Skills:
 + Level 8.6 Fighting
 + Level 7.2 Short Blades
 + Level 7.2 Long Blades
 + Level 7.2 Axes
 + Level 12.5 Maces & Flails
 + Level 7.2 Polearms
 + Level 7.2 Staves
 + Level 7.2 Ranged Weapons
 + Level 7.2 Throwing
 + Level 7.2 Armour
 + Level 7.2 Dodging
 + Level 7.6 Stealth
 + Level 7.2 Shields
 + Level 7.2 Unarmed Combat
 + Level 7.8 Spellcasting
 + Level 6.0 Conjurations
 + Level 6.0 Hexes
 + Level 6.0 Summonings
 + Level 6.0 Necromancy
 + Level 6.0 Translocations
 + Level 6.0 Transmutations
 + Level 6.0 Fire Magic
 + Level 6.0 Ice Magic
 + Level 6.4 Air Magic
 + Level 6.0 Earth Magic
 + Level 6.0 Poison Magic
 + Level 7.9 Invocations
 + Level 7.2 Evocations


You had 24 spell levels left.
You knew the following spells:

 Your Spells              Type           Power      Damage    Failure   Level
a - Passwall              Tmut/Erth      23%        N/A       4%          2

Your spell library contained the following spells:

 Spells                   Type           Power      Damage    Failure   Level
 Sandblast                Erth           56%        2d13      2%          1
 Shock                    Conj/Air       100%       1d9       2%          1
 Slow                     Hex            100%       N/A       2%          1
 Poisonous Vapours        Pois/Air       58%        N/A       3%          2
 Static Discharge         Conj/Air       58%        2-5/arc   3%          2
 Blink                    Tloc           56%        N/A       4%          2
 Ensorcelled Hibernation  Hex/Ice        56%        N/A       4%          2
 Lesser Beckoning         Tloc           56%        N/A       4%          2
 Momentum Strike          Conj/Tloc      56%        3d9       4%          2
 Swiftness                Air            30%        N/A       7%          3
 Confusing Touch          Hex            28%        N/A       8%          3
 Frozen Ramparts          Ice            56%        1d9       8%          3
 Gell's Gravitas          Tloc           28%        N/A       8%          3
 Spider Form              Tmut/Pois      28%        N/A       8%          3
 Stone Arrow              Conj/Erth      56%        3d10      8%          3
 Teleport Other           Tloc           28%        N/A       8%          3
 Vampiric Draining        Necr           28%        2d8       8%          3
 Airstrike                Air            15%        2d(3-19)  22%         4
 Anguish                  Hex/Necr       14%        N/A       26%         4
 Ice Form                 Ice/Tmut       28%        N/A       26%         4
 Summon Ice Beast         Ice/Summ       28%        N/A       26%         4
 Blade Hands              Tmut           14%        N/A       58%         5
 Irradiate                Conj/Tmut      14%        3d16      58%         5
 Summon Mana Viper        Hex/Summ       28%        N/A       58%         5
 Dispersal                Tloc           14%        N/A       99%         6
 Dragon Form              Tmut           14%        N/A       100%        7
 Monstrous Menagerie      Summ           14%        N/A       100%        7


Dungeon Overview and Level Annotations

Branches:
Dungeon (12/15)            Temple (0/1) D:6            Lair (0/5) D:11
    Orc (0/2) D:12

Altars:
Ashenzari
Cheibriados
Elyvilon
Okawaru
Trog
Wu Jian
The Shining One
Lugonu

Shops:
D:1 ?   D:9 [   D:10 :

Annotations:
D:10 2 transporters
D:12 Azrael, Psyche


Innate Abilities, Weirdness & Mutations

You have very sharp teeth.
Your uncanny sense of smell can sniff out nearby items.
Your experience applies equally to all skills.


Message History

The blast of flame hits the hell hound.
The hell hound completely resists.
The blast of flame hits you.
An orc comes into view. It is wielding a +0 flail.
You block the hell hound's attack. The hell hound breathes flames at you.
The blast of flame hits you! The hell hound breathes flames at you.
The blast of flame hits the hell hound.
The hell hound completely resists.
The blast of flame misses you.
The hell hound attacks as you move away!
You block the hell hound's attack.
The hell hound attacks as you move away!
You block the hell hound's attack. The hell hound breathes flames at you.
The blast of flame misses you.
There is an escape hatch in the ceiling here.
The hell hound breathes flames at you.
The blast of flame hits the hell hound.
The hell hound completely resists.
The blast of flame hits you!!
* * * LOW HITPOINT WARNING * * *
The hell hound bites you!
* * * LOW HITPOINT WARNING * * *
A mysterious force pulls you upwards. The hatch slams shut behind you.
Reactivating autopickup.
You feel better. You block the hell hound's attack.
The hell hound breathes flames at you. The blast of flame hits you!
* * * LOW HITPOINT WARNING * * *
You open the door. You block the hell hound's attack.
The hell hound misses you. You block the hell hound's attack. x2
The hell hound barely misses you.
There is an open door here.
The hell hound attacks as you move away!
The hell hound bites you but does no damage.
The hell hound breathes flames at you.
The blast of flame hits the hell hound.
The hell hound completely resists.
The blast of flame misses you. The hell hound breathes flames at you.
The blast of flame hits you!!
You die...

......#.##.............#
#.##...#
......'.##.............#
#.##.###
..<.<)####.........##### #..).#
.....)))...........############
.....)###.................#
.####.# #..#.#'###........#
....#.####....h###........#
...#.....#.#..h...........#
.......###......@.........#
.#.......#.......##########
.##..#.#.##...#...####
.##....#.##...##.....#
...................#.#
####.###.##...###..#.# #####
..######.##...##...#.# #...# #.#
#....##...##...#.#####.#.###
#.###.#####...##......[....#...#


You could see 2 hell hounds.

Vanquished Creatures
  A centaur warrior (D:12)
  2 boulder beetles
  Pikel (D:5)
  A cyclops (D:11)
  A gargoyle (D:11)
  A komodo dragon (shapeshifter) (D:12)
  2 unseen horrors
  3 trolls
  2 hornets
  Grinder (D:3)
  4 slime creatures (D:12)
  2 wraiths
  15 yaks
  2 humans (D:11)
  A wyvern (D:7)
  A basilisk (D:11)
  4 wargs
  Duvessa (D:4)
  2 water moccasins (D:11)
  A sky beast (D:7)
  4 orc warriors
  A black bear (D:11)
  5 centaurs
  2 lemures
  2 phantoms
  2 kobold brigands
  8 bullfrogs
  3 gnoll sergeants
  4 scorpions
  A wight (D:7)
  Dowan (D:4)
  20 killer bees
  8 electric eels (D:8)
  A howler monkey (D:8)
  2 hounds
  A jelly (D:5)
  2 iguanas
  2 sleepcaps
  11 orc wizards
  Ijyb (D:3)
  Natasha (thrice) (D:4)
  6 adders
  12 gnolls
  A shadow imp (D:6)
  A worm (D:2)
  3 dart slugs (D:3)
  25 orcs
  9 ball pythons
  11 endoplasms
  3 giant cockroaches
  10 goblins
  10 hobgoblins
  6 jackals
  5 quokkas
  7 bats
  5 frilled lizards
  18 kobolds
  2 rats
266 creatures vanquished.

Vanquished Creatures (others)
  44 fungi (D:11)
  44 plants (D:11)
88 creatures vanquished.

Grand Total: 354 creatures vanquished

Notes
Turn   | Place    | Note
-------+----------+-------------------------------------------
     0 | D:1      | Reached skill level 10 in Maces & Flails
     0 | D:1      | CowFu the Gnoll Wanderer began the quest for the Orb.
     0 | D:1      | CowFu set off with the following items: a +3 mace, a scroll
                  | of vulnerability, a +0 leather armour; and the following
                  | spells available to memorise: Poisonous Vapours, Static
                  | Discharge.
     0 | D:1      | Reached XP level 1. HP: 20/20 MP: 4/4
    66 | D:1      | Reached XP level 2. HP: 24/26 MP: 5/5
   316 | D:1      | Found Cemoef's Magic Scroll Emporium.
   355 | D:1      | Reached XP level 3. HP: 26/31 MP: 7/7
   453 | D:1      | Reached skill level 1 in Invocations
   851 | D:2      | Reached skill level 1 in Short Blades
   851 | D:2      | Reached skill level 1 in Long Blades
   851 | D:2      | Reached skill level 1 in Axes
   851 | D:2      | Reached skill level 1 in Polearms
   851 | D:2      | Reached skill level 1 in Staves
   851 | D:2      | Reached skill level 1 in Ranged Weapons
   851 | D:2      | Reached skill level 1 in Throwing
   851 | D:2      | Reached skill level 1 in Armour
   851 | D:2      | Reached skill level 1 in Dodging
   851 | D:2      | Reached skill level 1 in Shields
   851 | D:2      | Reached skill level 1 in Unarmed Combat
   851 | D:2      | Reached skill level 1 in Evocations
  1167 | D:2      | Reached XP level 4. HP: 26/38 MP: 8/8
  1828 | D:3      | Noticed Grinder
  1846 | D:3      | Killed Grinder
  1847 | D:3      | Reached skill level 5 in Fighting
  1847 | D:3      | Reached skill level 1 in Conjurations
  1847 | D:3      | Reached skill level 1 in Hexes
  1847 | D:3      | Reached skill level 1 in Summonings
  1847 | D:3      | Reached skill level 1 in Necromancy
  1847 | D:3      | Reached skill level 1 in Translocations
  1847 | D:3      | Reached skill level 1 in Transmutations
  1847 | D:3      | Reached skill level 1 in Fire Magic
  1847 | D:3      | Reached skill level 1 in Ice Magic
  1847 | D:3      | Reached skill level 1 in Earth Magic
  1847 | D:3      | Reached skill level 1 in Poison Magic
  1847 | D:3      | Reached XP level 5. HP: 30/44 MP: 8/10
  1847 | D:3      | Reached XP level 6. HP: 34/51 MP: 8/11
  2399 | D:3      | Found a faded altar of an unknown god.
  2399 | D:3      | Noticed Ijyb
  2407 | D:3      | Killed Ijyb
  2424 | D:3      | Prayed at the altar of an unknown god.
  2424 | D:3      | Became a worshipper of Lugonu the Unformed
  2424 | D:3      | Reached * piety under Lugonu
  2658 | D:3      | Found an ornate altar of the Wu Jian Council.
  2944 | D:4      | Reached XP level 7. HP: 48/56 MP: 12/12
  3101 | D:4      | Noticed Duvessa
  3105 | D:4      | Noticed Dowan
  3126 | D:4      | Killed Duvessa
  3132 | D:4      | Killed Dowan
  3521 | D:4      | Noticed Natasha
  3530 | D:4      | Killed Natasha
  3653 | D:1      | Bought a scroll of brand weapon for 123 gold pieces
  3653 | D:1      | Bought a scroll of identify for 26 gold pieces
  3932 | D:4      | Noticed Natasha
  3940 | D:4      | Killed Natasha
  4051 | D:4      | Noticed Natasha
  4057 | D:4      | Killed Natasha
  4092 | D:5      | Entered Level 5 of the Dungeon
  4092 | D:5      | Noticed Pikel
  4410 | D:5      | Killed Pikel
  4411 | D:5      | Reached skill level 11 in Maces & Flails
  4411 | D:5      | Reached XP level 8. HP: 21/64 MP: 14/14
  4727 | D:5      | Reached ** piety under Lugonu
  5117 | D:6      | Found a staircase to the Ecumenical Temple.
  5147 | D:6      | Reached XP level 9. HP: 55/69 MP: 16/16
  5397 | D:6      | Reached skill level 5 in Spellcasting
  5438 | D:6      | Noticed a troll
  5445 | D:6      | Killed a troll
  5618 | D:6      | Found the amulet of Elemental Vulnerability {rPois rF--
                  | rC-- AC+8}
  6010 | D:7      | Noticed a hornet
  6022 | D:7      | Killed a hornet
  6023 | D:7      | Reached skill level 5 in Stealth
  6101 | D:7      | Found a snail-covered altar of Cheibriados.
  6206 | D:7      | Reached skill level 5 in Invocations
  6800 | D:8      | Found a broken altar of Ashenzari.
  6976 | D:8      | Reached *** piety under Lugonu
  7189 | D:8      | Reached skill level 5 in Short Blades
  7189 | D:8      | Reached skill level 5 in Long Blades
  7189 | D:8      | Reached skill level 5 in Axes
  7189 | D:8      | Reached skill level 5 in Polearms
  7189 | D:8      | Reached skill level 5 in Staves
  7189 | D:8      | Reached skill level 5 in Ranged Weapons
  7189 | D:8      | Reached skill level 5 in Throwing
  7189 | D:8      | Reached skill level 5 in Armour
  7189 | D:8      | Reached skill level 5 in Dodging
  7189 | D:8      | Reached skill level 5 in Shields
  7189 | D:8      | Reached skill level 5 in Unarmed Combat
  7189 | D:8      | Reached skill level 5 in Evocations
  7263 | D:8      | Reached XP level 10. HP: 70/77 MP: 18/18
  7757 | D:7      | Learned a level 2 spell: Passwall
  7942 | D:9      | Reached skill level 5 in Air Magic
  8084 | D:9      | Reached **** piety under Lugonu
  8228 | D:9      | Found Gaofiacroo's Armour Boutique.
  8237 | D:9      | Bought a +2 cloak of preservation for 258 gold pieces
  8474 | D:10     | Entered Level 10 of the Dungeon
  8488 | D:10     | Found Caobommo's Book Emporium.
  8733 | D:10     | Found a transporter.
  8733 | D:10     | Found a white marble altar of Elyvilon.
  8734 | D:10     | Noticed a steelbarb worm
  8738 | D:10     | Found a transporter.
  8785 | D:10     | Paralysed by a hornet for 3 turns
  8857 | D:10     | Found a large runed translucent door.
  8858 | D:10     | Found a large runed translucent door.
  8928 | D:10     | Killed an unseen horror
  9206 | D:10     | Reached skill level 12 in Maces & Flails
  9345 | D:10     | Noticed a great orb of eyes
  9478 | D:10     | Found a bloodstained altar of Trog.
  9487 | D:10     | Reached skill level 5 in Conjurations
  9487 | D:10     | Reached skill level 5 in Hexes
  9487 | D:10     | Reached skill level 5 in Summonings
  9487 | D:10     | Reached skill level 5 in Necromancy
  9487 | D:10     | Reached skill level 5 in Translocations
  9487 | D:10     | Reached skill level 5 in Transmutations
  9487 | D:10     | Reached skill level 5 in Fire Magic
  9487 | D:10     | Reached skill level 5 in Ice Magic
  9487 | D:10     | Reached skill level 5 in Earth Magic
  9487 | D:10     | Reached skill level 5 in Poison Magic
  9503 | D:10     | Reached XP level 11. HP: 79/85 MP: 21/21
  9507 | D:10     | Found a glowing golden altar of the Shining One.
  9712 | D:11     | Found a staircase to the Lair.
  9847 | D:11     | Identified the +1 robe of the Yeti {rPois rC+ Dex+2}
  9916 | D:11     | Noticed a cyclops
  9927 | D:11     | Killed a cyclops
  9951 | D:11     | Found an iron altar of Okawaru.
 10021 | D:11     | Noticed a boulder beetle
 10048 | D:11     | Killed a boulder beetle
 10563 | D:12     | Found a staircase to the Orcish Mines.
 10685 | D:12     | Noticed a boulder beetle
 10721 | D:12     | Killed a boulder beetle
 10819 | D:12     | Noticed a centaur warrior
 10829 | D:12     | Noticed Psyche
 10835 | D:12     | Killed a centaur warrior
 10879 | D:12     | Reached XP level 12. HP: 14/94 MP: 23/23
 10885 | D:12     | Reached ***** piety under Lugonu
 11158 | D:12     | Noticed Azrael
 11184 | D:11     | Killed from afar by a hell hound

Illustrated notes

Levels and vault maps discovered:
D:1:      psy_arrival_radial02, layout_basic, serial_shops, shop,
          minmay_heptomino_w4
D:2:      layout_loops_ring, grunt_decor_one_mirror, minmay_goblin_kobold_house
D:3:      layout_basic, mainiacjoe_overflow_alcove_2, basic_ecumenical_altar,
          kennysheep_generic_room_8, uniq_grinder, uniq_ijyb
D:4:      layout_basic, hex_medium, uniq_duvessa, uniq_natasha
D:5:      layout_loops_ring, uniq_pikel
D:6:      layout_gridville, minmay_temple_entry_gardened_gates, minivault_1
D:7:      layout_loops_ring, lemuel_doored_altar, nicolae_fountain_basement
D:8:      layout_basic, evilmike_ruin_ashenzari, kennysheep_boxes
D:9:      layout_rooms, serial_shops, nicolae_shop_stone
D:10:     layout_loops_corners, gammafunk_temple_overflow_arena,
          jmf_multi_god_temple2, nicolae_stop_n_shop_1
D:11:     layout_basic, due_lair_maze_entry_diamond, okawaru_humans
D:12:     layout_cave_pods, minmay_orc_entry_guard_dogs,
          gammafunk_ghost_abyssal_escape, nicolae_shop_i_like_big_books,
          uniq_psyche, uniq_azrael

Skill      XL: |  1  2  3  4  5  6  7  8  9 10 11 12 |
---------------+-------------------------------------+-----
Maces & Flails | 11 12 | 12.5
Air Magic      | 2 3 4 5 6 |  6.4
Invocations    | 1 2 3 4 5 6 7 |  7.9
Short Blades   | 1 2 3 5 6 7 |  7.2
Long Blades    | 1 2 3 5 6 7 |  7.2
Axes           | 1 2 3 5 6 7 |  7.2
Polearms       | 1 2 3 5 6 7 |  7.2
Staves         | 1 2 3 5 6 7 |  7.2
Ranged Weapons | 1 2 3 5 6 7 |  7.2
Throwing       | 1 2 3 5 6 7 |  7.2
Armour         | 1 2 3 5 6 7 |  7.2
Dodging        | 1 2 3 5 6 7 |  7.2
Shields        | 1 2 3 5 6 7 |  7.2
Unarmed Combat | 1 2 3 5 6 7 |  7.2
Evocations     | 1 2 3 5 6 7 |  7.2
Spellcasting   | 3 4 5 6 7 |  7.8
Fighting       | 5 6 7 8 |  8.6
Stealth        | 3 4 5 6 7 |  7.6
Conjurations   | 1 2 3 4 5 6 |  6.0
Hexes          | 1 2 3 4 5 6 |  6.0
Summonings     | 1 2 3 4 5 6 |  6.0
Necromancy     | 1 2 3 4 5 6 |  6.0
Translocations | 1 2 3 4 5 6 |  6.0
Transmutations | 1 2 3 4 5 6 |  6.0
Fire Magic     | 1 2 3 4 5 6 |  6.0
Ice Magic      | 1 2 3 4 5 6 |  6.0
Earth Magic    | 1 2 3 4 5 6 |  6.0
Poison Magic   | 1 2 3 4 5 6 |  6.0

Action                     |  1- 3 |  4- 6 |  7- 9 | 10-12 || total
---------------------------+-------+-------+-------+-------++-------
  Melee: Mace              |   103 |    74 |   370 |   580 ||  1127
         Bite              |     6 |     8 |    47 |    90 ||   151
         Punch             |       |     1 |     4 |       ||     5
  Throw: Boomerang         |       |    20 |       |       ||    20
         Javelin           |       |       |     2 |     8 ||    10
  Evoke: Condenser vane    |       |       |       |     1 ||     1
    Use: Potion            |       |     1 |     2 |     5 ||     8
         Scroll            |       |       |    19 |     3 ||    22
   Stab: Sleeping          |     3 |     4 |     6 |     7 ||    20
 Armour: Leather armour    |    30 |    24 |    42 |       ||    96
         Troll leather arm |       |       |    56 |   297 ||   353
  Dodge: Dodged            |    67 |    30 |   145 |   291 ||   533
  Block: Kite shield       |       |       |    54 |   344 ||   398

Table legend: (Time is in decaauts)
 A = Elapsed time spent in this place.
 B = Non-inter-level travel time spent in this place.
 C = Inter-level travel time spent in this place.
 D = Time resting spent in this place.
 E = Time spent auto-exploring this place.
 F = Levels seen in this place.
 G = Mean time per level.
                   A        B        C        D        E       F      G
               +--------+--------+--------+--------+--------+-----+--------+
         Total |  11185 |  10057 |   1128 |      0 |   7306 |  12 |  932.1 |
       Dungeon |  11185 |  10057 |   1128 |      0 |   7306 |  12 |  932.1 |
               +--------+--------+--------+--------+--------+-----+--------+

Top non-repeatable levels by time:
     D:4: 1163 daAuts
    D:10: 1106 daAuts
     D:3: 1082 daAuts
    D:11: 1049 daAuts
     D:2: 1024 daAuts
     D:8: 1024 daAuts
     D:5: 892 daAuts
     D:6: 891 daAuts
     D:7: 882 daAuts
     D:1: 849 daAuts
     D:9: 654 daAuts
    D:12: 565 daAuts
